 Dungeon Crawl Stone Soup version 0.18-a0-946-g3ac5b32 (webtiles) character file.

180021 JokEr the Warrior (level 17, 0/163 HPs)
             Began as a Minotaur Fighter on Dec 29, 2015.
             Was the Champion of the Shining One.
             Succumbed to a naga ritualist's poison
             ... on level 4 of the Snake Pit.
             The game lasted 01:45:39 (34955 turns).

JokEr the Warrior (Minotaur Fighter)               Turns: 34955, Time: 01:45:39

Health: 0/163      AC: 41    Str: 26    XL:     17   Next: 63%
Magic:  14/25      EV: 14    Int:  5    God:    the Shining One [******]
Gold:   2431       SH:  0    Dex: 12    Spells: 0 memorised, 16 levels left

rFire  + . .     SeeInvis .     a - +9 war axe (holy)
rCold  + + .     Gourm    .     s - +27 Lear's hauberk
rNeg   + + +     Faith    .     O - +5 large shield {rC+}
rPois  +         Spirit   +     (helmet currently unavailable)
rElec  +         Dismiss  .     d - +1 cloak
rCorr  +         Reflect  .     (gloves currently unavailable)
SustAt .         Harm     .     (boots currently unavailable)
MR     +....                    I - amulet of guardian spirit
Stlth  ..........               X - +2 ring of evasion
                                j - +2 ring of slaying

@: confused, lethally poisoned (0 -> -58), about to teleport, resistant,
glowing, studying Staves, somewhat resistant to hostile enchantments, extremely
unstealthy
A: retaliatory headbutt, horns 2
a: Divine Shield, Cleansing Flame, Summon Divine Warrior, Renounce Religion


You were on level 4 of the Snake Pit.
You worshipped the Shining One.
The Shining One was exalted by your worship.
You were not hungry.

You visited 4 branches of the dungeon, and saw 29 of its levels.
You visited the Abyss 1 time.
You also visited: Labyrinth, Ice Cave and Volcano.

You collected 3756 gold pieces.
You spent 1325 gold pieces at shops.

Inventory:

Hand Weapons
 a - a +9 war axe of holy wrath (weapon)
Armour
 d - a +1 cloak (worn)
 s - the +27 Lear's hauberk (worn)
   (You found it on level 9 of the Dungeon)
 O - a +5 large shield of cold resistance (worn)
Jewellery
 j - a +2 ring of slaying (left hand)
 o - an uncursed ring of sustain attributes
 p - a +5 ring of strength
 x - an uncursed ring of protection from magic
 I - an amulet of guardian spirit (around neck)
 X - a +2 ring of evasion (right hand)
Wands
 S - a wand of digging (12/24)
 W - a wand of teleportation (4/9)
Scrolls
 c - 3 scrolls of magic mapping
 n - 2 scrolls of enchant weapon
 q - 13 scrolls of remove curse
 r - 2 scrolls of teleportation
 T - 3 scrolls of enchant armour
 U - 2 scrolls of fog
Potions
 k - a potion of cure mutation
 t - a potion of berserk rage
 v - a potion of magic {unknown}
 z - 2 potions of cancellation
 B - 5 potions of flight
 N - a potion of ambrosia
 Q - a potion of beneficial mutation {unknown}
 V - a potion of haste {unknown}
Books
 Z - a manual of Staves
Miscellaneous
 u - a lamp of fire
Comestibles
 f - 13 bread rations
 g - 3 royal jellies
 h - 7 fruits
 i - 16 meat rations
 m - 10 beef jerkies
 K - 4 slices of pizza


   Skills:
 + Level 17.8 Fighting
 + Level 17.6 Axes
 - Level 10.8 Armour
 - Level 14.2 Dodging
 - Level 12.0 Shields
 - Level 12.0 Invocations
 - Level 13.1 Evocations


You had 16 spell levels left.
You didn't know any spells.

Dungeon Overview and Level Annotations

Branches:
Dungeon (15/15)            Temple (0/1) D:5            Lair (8/8) D:10
 Shoals (0/4) Lair:6        Snake (4/4) Lair:5        Slime (0/6) Lair:7
    Orc (2/2) D:10            Elf (0/3) Orc:2        Vaults (0/5) D:13
 Depths (0/5) D:15

Altars:
Ashenzari
Cheibriados
Dithmenos
Elyvilon
Gozag
Kikubaaqudgha
Makhleb
Nemelex Xobeh
Okawaru
Pakellas
Qazlal
Ru
Yredelemnul
Zin
The Shining One

Shops:
D:5 (   D:9 [   D:14 *   Orc:1 :   Orc:2 }(*

Portals:
Pandemonium: Orc:2


Innate Abilities, Weirdness & Mutations

You reflexively headbutt those who attack you in melee.
You have a pair of horns on your head.


Message History

The naga mage hits you but does no damage.
Drink which item? (? for menu, Esc to quit)
You are confused.
You feel invigorated.
* * * LOW HITPOINT WARNING * * *
You feel very sick.
You are more poisoned.
The naga ritualist hits you with a scimitar of venom.
* * * LOW HITPOINT WARNING * * *
You are more poisoned.
The naga mage mumbles some strange words.
The naga mage seems to speed up.
The naga sharpshooter shoots a bolt.
The bolt hits you!
* * * LOW HITPOINT WARNING * * *
The naga hits you but does no damage. The naga constricts you.
The naga mage closely misses you.
The naga mage gestures wildly while chanting.
The naga mage seems to speed up.
You're too confused!
You escape the naga's grasp.
You die...

########..# ##.########.#
..........# # #.#.(.()...##
..........# #....##...[(.NN...#
....####### #.N. #..N(...NN...N.
..........# #...##...N...N......
#..)#########..##....N(.....N...
#..# #....#...........N...
#g##### #...#.............#..
###.NN..## #..##@§§NN.....N.....
.###.....###..##N§NNN.N........
.....N....##..#NNN...#.......
.##.......##......N......
.##.....N.##......#.N....
.....(.gN#.#....N...#....
.###......###....N.###..N
.##.......# #.....## ...
.##......N###....## ..


You could see a naga warrior, a greater naga, 4 naga ritualists, 2 naga magi and
2 nagas.

Vanquished Creatures
  A sphinx (D:14)
  Gastronok (D:8)
  Agnes (Snake:3)
  A tengu reaver (D:14)
  Kirke (Lair:6)
  4 greater nagas
  Louise (D:14)
  A white draconian (IceCv)
  A red draconian (Volcano)
  An eidolon (Abyss:2)
  A green death (Abyss:2)
  A yaktaur captain (D:14)
  A minotaur (Lab)
  The ghost of Voda the Protected, a journeyman GrGl of Cheibriados (D:11)
  An ice dragon (Lair:8)
  10 naga warriors
  6 hydras
  3 centaur warriors
  Erica (D:8)
  2 dancing weapons (D:13)
  2 death knights
  4 anacondas
  A hell hog (Abyss:2)
  A tengu warrior (D:13)
  11 naga sharpshooters
  An ogre mage (D:15)
  5 orc high priests (Orc:2)
  A deep troll earth mage (D:14)
  Urug (D:13)
  10 death yaks
  3 shock serpents
  2 thrashing horrors (Abyss:2)
  A sun demon (Abyss:2)
  2 skeletal warriors (D:15)
  5 unseen horrors
  2 torturous demonspawn (Orc:2)
  2 lindwurms (Lair:8)
  3 salamander mystics
  3 naga ritualists
  A gelid demonspawn (Orc:2)
  2 hill giants
  A necromancer (D:15)
  A statue (Volcano)
  A wolf spider zombie (D:15)
  A mana viper (Snake:3)
  A phantasmal warrior (D:15)
  5 orc knights (Orc:2)
  8 orc sorcerers (Orc:2)
  A wolf spider (D:14)
  A frost giant zombie (D:15)
  13 ugly things
  2 cyclopes
  2 griffons
  3 deep elf magi
  A manticore (D:14)
  11 salamanders
  A hornet (D:14)
  A sixfirhy (Orc:2)
  A smoke demon (Abyss:2)
  An ice statue (IceCv)
  A stone giant skeleton (D:15)
  9 elephants (Lair:8)
  Joseph (D:8)
  3 large abominations (Abyss:2)
  3 centaur zombies
  An eye of devastation (Lair:7)
  38 black mambas
  An orange demon (Orc:2)
  12 naga magi
  2 guardian serpents
  8 torpor snails (Lair:8)
  A yaktaur (shapeshifter) (D:14)
  A spriggan zombie (D:15)
  An efreet (D:14)
  17 spiny frogs
  3 hellwings (Orc:2)
  A kobold demonologist (D:15)
  2 ice devils (Orc:2)
  3 fire drakes
  A spriggan skeleton (D:15)
  A silent spectre (Abyss:2)
  15 polar bears (IceCv)
  An ancient zyme (Abyss:2)
  7 trolls
  3 tengu conjurers
  A freezing wraith (D:14)
  6 giant leeches (Lair:8)
  14 komodo dragons
  4 raiju (Abyss:2)
  2 two-headed ogres
  A boulder beetle (Lair:8)
  15 blink frogs
  A flying skull (Abyss:2)
  4 shadows
  3 spriggans (Lair:8)
  5 hogs (Lair:6)
  2 fire bats (Volcano)
  7 basilisks
  2 humans (D:7)
  4 wraiths
  47 yaks
  A ynoxinul (Abyss:2)
  2 wyverns
  12 hippogriffs
  Grum (D:9)
  6 hungry ghosts (Lab)
  A mottled dragon (D:14)
  A soldier ant (D:14)
  A golden eye (shapeshifter) (D:15)
  2 wargs
  15 water moccasins
  34 wolves
  A swamp drake (D:15)
  4 vampire mosquitoes
  33 nagas
  5 wasps
  12 porcupines
  3 black bears
  16 ogres
  4 ice beasts
  32 orc warriors
  5 sky beasts
  3 eyes of draining
  3 phantoms
  21 crocodiles
  18 centaurs
  6 big kobolds
  An elf zombie (D:15)
  21 giant frogs
  A wyvern skeleton (D:14)
  3 scorpions
  A troll zombie (D:15)
  3 killer bees (D:13)
  3 small abominations (Abyss:2)
  2 vampire bats (D:5)
  2 lava snakes (Volcano)
  9 wights
  8 crimson imps
  4 giant frog zombies
  4 jellies
  5 human zombies (D:15)
  14 orc wizards
  A wasp zombie (D:8)
  5 centaur skeletons
  3 giant frog skeletons
  4 hounds
  23 orc priests
  12 iguanas
  A human skeleton (D:15)
  Ijyb (D:3)
  6 worker ants
  A hound zombie (D:6)
  7 sheep
  A mummy (D:15)
  2 hound skeletons
  A worker ant zombie (D:10)
  8 gnolls
  9 adders
  41 river rats
  3 shadow imps
  2 oozes (D:2)
  23 worms
  A ball lightning (Snake:2)
  9 giant geckos
  66 orcs
  7 bats
  4 bat skeletons (D:5)
  A bat zombie (D:5)
  7 giant cockroaches
  8 hobgoblins
  11 jackals
  6 quokkas
  5 ball pythons
  8 giant newts
  8 goblins
  21 kobolds
  An orc zombie (D:15)
  8 rats
  2 fungi
  3 plants (Lair:8)
  A withered plant (D:15)
1067 creatures vanquished.

Vanquished Creatures (collateral kills)
  Jorgrun (Snake:3)
  2 hydras
  A komodo dragon (Lair:8)
  A boulder beetle (Lair:8)
  A naga (Snake:4)
6 creatures vanquished.

Vanquished Creatures (others)
  An ugly thing (D:4)
  A blink frog (Lair:8)
  2 nagas (Snake:4)
  A water moccasin (D:15)
  A giant frog (D:15)
  29 fungi
  A lurking horror (Abyss:2)
  9 plants
  6 starspawn tentacles (Abyss:2)
  2 starspawn tentacle segments (Abyss:2)
  A withered plant (D:15)
54 creatures vanquished.

Grand Total: 1127 creatures vanquished

Notes
Turn   | Place    | Note
--------------------------------------------------------------
     0 | D:1      | JokEr the Minotaur Fighter began the quest for the Orb.
     0 | D:1      | Reached XP level 1. HP: 19/19 MP: 0/0
   229 | D:1      | Reached XP level 2. HP: 27/27 MP: 1/1
   248 | D:1      | Reached skill level 4 in Fighting
  1032 | D:2      | Reached XP level 3. HP: 29/34 MP: 2/2
  1045 | D:2      | Found a sparkling altar of Nemelex Xobeh.
  1418 | D:2      | Reached XP level 4. HP: 31/41 MP: 3/3
  1590 | D:2      | Reached skill level 5 in Fighting
  1985 | D:3      | Noticed Ijyb
  1999 | D:3      | Killed Ijyb
  2003 | D:3      | Reached XP level 5. HP: 26/48 MP: 4/4
  2168 | D:3      | Reached skill level 5 in Axes
  2443 | D:3      | Reached skill level 6 in Fighting
  2569 | D:3      | Found a glowing drain.
  2667 | D:4      | Found a shadowy altar of Dithmenos.
  2782 | D:4      | Reached XP level 6. HP: 56/58 MP: 5/5
  2857 | D:4      | Found a white marble altar of Elyvilon.
  3060 | D:4      | Found a glowing golden altar of the Shining One.
  3068 | D:4      | Became a worshipper of the Shining One
  3146 | D:4      | Found an oddly glowing altar of Pakellas.
  3146 | D:4      | Noticed a red ugly thing
  3173 | D:4      | Killed a red ugly thing
  3293 | D:5      | Entered Level 5 of the Dungeon
  3303 | D:5      | Reached skill level 7 in Fighting
  3489 | D:5      | Found a staircase to the Ecumenical Temple.
  3510 | D:5      | Reached XP level 7. HP: 66/66 MP: 6/6
  3526 | D:5      | Found a sacrificial altar of Ru.
  3530 | D:5      | Found Ducac's Antique Weapon Emporium.
  3702 | D:5      | Found an opulent altar of Gozag.
  3964 | D:5      | Reached * piety under the Shining One
  3981 | D:5      | Reached skill level 8 in Fighting
  4419 | D:5      | Found an ancient bone altar of Kikubaaqudgha.
  4431 | D:5      | Reached XP level 8. HP: 75/75 MP: 7/7
  4553 | D:6      | Found a shattered altar of Ashenzari.
  4575 | D:6      | Reached ** piety under the Shining One
  4581 | D:6      | Reached skill level 9 in Fighting
  5145 | D:7      | Reached skill level 10 in Fighting
  5237 | D:7      | Reached skill level 10 in Axes
  5346 | D:7      | Found an iron altar of Okawaru.
  5375 | D:7      | Reached XP level 9. HP: 86/86 MP: 8/8
  5380 | D:7      | Reached *** piety under the Shining One
  5640 | D:7      | Reached skill level 11 in Fighting
  5815 | D:8      | Found a shadowy altar of Dithmenos.
  5818 | D:8      | Noticed Gastronok
  5837 | D:8      | Killed Gastronok
  5837 | D:8      | Reached skill level 12 in Fighting
  5837 | D:8      | Reached XP level 10. HP: 27/99 MP: 6/9
  6134 | D:8      | Noticed Erica
  6152 | D:8      | Killed Erica
  6399 | D:8      | Reached skill level 13 in Fighting
  6742 | D:8      | Found a glowing silver altar of Zin.
  6760 | D:8      | Found a stormy altar of Qazlal.
  6864 | D:8      | Noticed Joseph
  6872 | D:8      | Killed Joseph
  7146 | D:8      | Noticed a three-headed hydra
  7154 | D:8      | Killed an eight-headed hydra
  7154 | D:8      | Reached skill level 14 in Fighting
  7578 | D:9      | Found a snail-covered altar of Cheibriados.
  7685 | D:9      | Noticed Grum
  7690 | D:9      | Killed Grum
  7690 | D:9      | Reached XP level 11. HP: 106/110 MP: 10/10
  7716 | D:9      | Found Siotupsait's Armour Shoppe.
  7721 | D:9      | Reached **** piety under the Shining One
  8495 | D:10     | Entered Level 10 of the Dungeon
  8664 | D:10     | Found a staircase to the Lair.
  9040 | D:10     | Found a staircase to the Orcish Mines.
  9135 | D:10     | Reached skill level 15 in Fighting
  9498 | D:10     | Reached skill level 15 in Axes
  9818 | D:11     | Reached ***** piety under the Shining One
 10029 | D:11     | Noticed Voda's ghost (journeyman GrGl)
 10842 | D:11     | Killed Voda's ghost
 11282 | D:9      | Bought the +3 pair of gauntlets of War {Slay+5} for 617 gold pieces
 11338 | Lair:1   | Entered Level 1 of the Lair of Beasts
 11347 | Lair:1   | Reached XP level 12. HP: 122/122 MP: 11/11
 11521 | Lair:1   | Reached skill level 5 in Armour
 11778 | Lair:1   | Found a frozen archway.
 11949 | IceCv    | Entered an ice cave
 12264 | IceCv    | Reached skill level 10 in Armour
 12391 | IceCv    | Noticed a white draconian
 12406 | IceCv    | Reached skill level 5 in Shields
 12438 | IceCv    | Killed a white draconian
 13794 | Lair:2   | Reached XP level 13. HP: 104/128 MP: 12/12
 14901 | Lair:4   | Reached skill level 10 in Shields
 16570 | Lair:5   | Found a staircase to the Snake Pit.
 17032 | Lair:6   | Noticed Kirke
 17037 | Lair:6   | Reached skill level 1 in Invocations
 17057 | Lair:6   | Killed Kirke
 17457 | Lair:6   | Reached skill level 5 in Invocations
 17761 | Lair:6   | Found a staircase to the Shoals.
 18313 | Lair:7   | Reached XP level 14. HP: 121/136 MP: 19/19
 18407 | Lair:7   | Found a staircase to the Slime Pits.
 18908 | Lair:8   | Entered Level 8 of the Lair of Beasts
 19597 | Lair:8   | Reached skill level 10 in Invocations
 19772 | Lair:8   | Reached ****** piety under the Shining One
 19970 | Lair:8   | Identified a +2 war axe of holy wrath (a +0 war axe blessed by the Shining One)
 19970 | Lair:8   | Received a gift from the Shining One
 20280 | Lair:8   | Found a runed door.
 20508 | Lair:8   | Reached skill level 1 in Dodging
 20816 | Lair:8   | Reached skill level 5 in Dodging
 22173 | D:12     | Identified a scroll of acquirement
 22403 | D:13     | Reached XP level 15. HP: 121/143 MP: 18/23
 22466 | D:13     | Noticed Urug
 22477 | D:13     | Killed Urug
 22485 | D:13     | Found a gate to the Vaults.
 23034 | D:14     | Found a flagged portal.
 23169 | D:14     | Found Josmurph's Assorted Antiques.
 23197 | D:14     | Found a labyrinth entrance.
 23206 | Lab      | Entered a labyrinth
 24343 | Lab      | Reached skill level 10 in Dodging
 24379 | Lab      | Got a twisted hand axe
 24380 | Lab      | Identified the cursed +1 hand axe "Giantslayer" {freeze, +Inv rF+ Dex+4} (You found it in a labyrinth)
 24637 | D:14     | Noticed Louise
 24642 | D:14     | Cast into level 2 of the Abyss (Louise)
 24642 | Abyss:2  | Found a corrupted altar of Lugonu.
 24698 | Abyss:2  | Found a corrupted altar of Lugonu.
 24759 | Abyss:2  | Found a burning altar of Makhleb.
 25018 | Abyss:2  | Paralysed by accursed screaming for 1 turns
 25129 | Abyss:2  | Noticed a tentacled starspawn
 25167 | D:14     | Escaped the Abyss
 25184 | D:14     | Killed Louise
 25650 | D:14     | Noticed a sphinx
 25661 | D:14     | Killed a sphinx
 25712 | D:14     | Noticed a tengu reaver
 25739 | D:14     | Killed a tengu reaver
 26033 | D:14     | Got a smoking ivory ring
 26035 | D:14     | Identified the ring of Meck {Fire +Inv Int+4} (You found it on level 14 of the Dungeon)
 26250 | D:15     | Entered Level 15 of the Dungeon
 26287 | D:15     | Was placed under penance by the Shining One
 26436 | D:15     | Was forgiven by the Shining One
 26455 | D:15     | Found a staircase to the Depths.
 26474 | D:15     | Reached XP level 16. HP: 151/151 MP: 24/24
 26594 | D:15     | Reached skill level 1 in Evocations
 26857 | D:15     | Reached skill level 5 in Evocations
 27158 | D:15     | Found a basalt altar of Yredelemnul.
 27365 | Orc:1    | Entered Level 1 of the Orcish Mines
 27414 | Orc:1    | Found Itim Moe's Book Emporium.
 27509 | Orc:1    | Found a dark tunnel.
 27516 | Volcano  | Entered a volcano
 27606 | Volcano  | Found a bloodstained altar of Trog.
 28149 | Orc:2    | Entered Level 2 of the Orcish Mines
 28149 | Orc:2    | Found a staircase to the Elven Halls.
 28376 | Orc:2    | Found Asiasch's Food Emporium.
 28377 | Orc:2    | Found Xacaut's General Store.
 28475 | Orc:2    | Bought a beef jerky for 21 gold pieces
 28475 | Orc:2    | Bought a bread ration for 70 gold pieces
 28475 | Orc:2    | Bought a meat ration for 70 gold pieces
 28475 | Orc:2    | Bought a beef jerky for 21 gold pieces
 28475 | Orc:2    | Bought a meat ration for 70 gold pieces
 28475 | Orc:2    | Bought a bread ration for 70 gold pieces
 28475 | Orc:2    | Bought a meat ration for 70 gold pieces
 28475 | Orc:2    | Bought a bread ration for 70 gold pieces
 28475 | Orc:2    | Bought a meat ration for 70 gold pieces
 28475 | Orc:2    | Bought a meat ration for 70 gold pieces
 28475 | Orc:2    | Bought a meat ration for 70 gold pieces
 28477 | Orc:2    | Bought a scroll of identify for 36 gold pieces
 28562 | Orc:2    | Reached skill level 10 in Evocations
 28844 | Orc:2    | Found Bal Lano's Gadget Boutique.
 28844 | Orc:2    | Found Sofaithy's Antique Weapon Shop.
 28844 | Orc:2    | Found a one-way gate leading to the halls of Pandemonium.
 29318 | Snake:1  | Entered Level 1 of the Snake Pit
 30537 | Snake:2  | Reached skill level 16 in Fighting
 30842 | Snake:2  | You fall through a shaft!
 31694 | Snake:3  | Found a burning altar of Makhleb.
 31764 | Snake:3  | Reached XP level 17. HP: 153/159 MP: 23/25
 32413 | Snake:3  | Noticed Agnes
 32427 | Snake:3  | Killed Agnes
 32818 | Snake:4  | Entered Level 4 of the Snake Pit
 32825 | Snake:4  | Noticed Jorgrun
 33322 | Snake:3  | Reached skill level 17 in Fighting
 34619 | Snake:3  | Killed Jorgrun
 34953 | Snake:4  | HP: 4/163 [poisoned by a naga mage (bolt of poison)]
 34954 | Snake:4  | HP: 1/163 [naga sharpshooter/bolt (2)]
 34955 | Snake:4  | Succumbed to a naga ritualist's poison

Vault maps used:
D:1:      dpeg_arrival_round_c
D:2:      nicolae_overflow_crystal_walls
D:3:      first_bread, portal_sewer_entry_e, feat_on_display, uniq_iyjb
D:4:      gammafunk_pakellas_cloud_experiment, lemuel_coloured_pillars_altar,
          nicolae_dithmenos_through_a_glass_darkly, elyvilon_altar_5
D:5:      grunt_gozag_statues, kennysheep_vampire_church,
          overflow_temple_1_default, minmay_temple_entry_water_ring,
          serial_shops, nicolae_shop_trees, st_stairs_8,
          kennysheep_generic_room_2
D:6:      lemuel_round_altar
D:7:      okawaru_humans
D:8:      lemuel_round_altar, nicolae_qazlal_style_of_elements, basic_altar,
          hangedman_ranch, hangedman_decor_growths, hangedman_decor_riveting,
          uniq_joseph, uniq_gastronok, uniq_erica
D:9:      cheibriados_altar_1, serial_shops, nicolae_shop_trees, uniq_grum
D:10:     dpeg_lair_monsters, david_orc_4
D:13:     erik_vaults_1, uniq_urug
D:14:     evilmike_diamond_1, serial_shops, shop, lab_entry_generic,
          enter_bailey_8, uniq_louise
D:15:     gammafunk_depths_entry_grave, lemuel_mausoleum_altar_yredelemnul, pond
Lair:1:   portal_ice_cave_entry_pillars_01
Lair:2:   grunt_forest_large_clearing_hut
Lair:3:   grunt_forest_stairs_basic
Lair:5:   guppyfry_snake_entry_island, grunt_megastairs_3
Lair:6:   shoals_dummy_entry, grunt_forest_large_clearings, uniq_kirke
Lair:7:   minmay_slime_entry_eyes, serial_bayou_pond_c,
          infiniplex_staircase_pool_2, lemuel_fruit_fields
Lair:8:   wormcave, hangedman_lair_in_review, wad_woods_02
Snake:3:  basic_altar, uniq_agnes
Snake:4:  snake_pit, uniq_jorgrun
Orc:1:    serial_shops, nicolae_shop_temple_entry_statues_fountains,
          lightli_volcano_entry_magma_tube
Orc:2:    pf_orc_diabolical
Abyss:2:  bh_abyss_exit_spiral
Lab:      nicolae_lab_arrow, nicolae_lab_statue, nicolae_lab_dead_end,
          nicolae_lab_starburst
IceCv:    ice_cave_small_giant
Volcano:  volcano_grotto

Action                   |  1- 3 |  4- 6 |  7- 9 | 10-12 | 13-15 | 16-18 || total
-------------------------+-------+-------+-------+-------+-------+-------++-------
Melee: War axe           |    74 |   123 |   171 |   670 |  1210 |   903 ||  3151
Invok: Divine Shield     |       |       |     1 |     6 |     2 |     6 ||    15
       Cleansing Flame   |       |       |       |       |     2 |     1 ||     3
       Summon Divine War |       |       |       |       |     2 |     2 ||     4
       Brand Weapon With |       |       |       |       |     1 |       ||     1
 Abil: Evoke Flight      |       |       |       |     2 |       |       ||     2
Evoke: Phantom mirror    |       |       |       |       |     1 |       ||     1
  Use: Scroll            |     4 |     5 |     6 |     9 |    23 |    20 ||    67
       Potion            |       |       |     1 |     3 |    24 |     9 ||    37
  Eat: Chunk             |     1 |     7 |     8 |    12 |    15 |     2 ||    45
       Meat ration       |       |       |       |     2 |       |       ||     2
       Bread ration      |       |       |       |     1 |     2 |       ||     3
       Fruit             |       |       |       |       |    22 |    18 ||    40
       Pizza             |       |       |       |       |       |     8 ||     8
